 Dungeon Crawl Stone Soup version 0.30-a0-857-gcaf70739d4 (webtiles) character file.

Game seed: 9746302281689699580

504 Newt the Skirmisher (level 7, -3/44 HPs)
             Began as a Kobold Hunter on Mar 6, 2023.
             Was an Initiate of Hepliaklqana.
             Slain by an ogre
             ... wielding a +0 giant club
              (22 damage)
             ... on level 4 of the Dungeon.
             The game lasted 00:05:00 (3937 turns).

Newt the Skirmisher (Kobold Hunter)                 Turns: 3937, Time: 00:05:00

Health: -3/44      AC:  4    Str:  8    XL:     7   Next: 41%
Magic:  7/7        EV: 19    Int: 11    God:    Hepliaklqana [......]
Gold:   111        SH:  0    Dex: 20    Spells: 6/6 levels left

rFire   + . .      SeeInvis .    a - +0 shortbow
rCold   . . .      Faith    .    (shield currently unavailable)
rNeg    . . .      Spirit   .    c - +1 leather armour
rPois   .          Reflect  .    (no helmet)
rElec   .          Rampage  .    (no cloak)
rCorr   .                        (no gloves)
Will    .....                    (no boots)
Stlth   +++                      (no amulet)
HPRegen 0.27/turn                g - +5 ring of evasion
MPRegen 0.10/turn                d - ring of protection from fire

@: marked
A: small, no large weapons, nightstalker 3
a: Renounce Religion


You were on level 4 of the Dungeon.
You worshipped Hepliaklqana.
Hepliaklqana was noncommittal.
You visited 1 branch of the dungeon, and saw 5 of its levels.

You collected 237 gold pieces.
You spent 126 gold pieces at shops.

Inventory:

Hand Weapons
 a - a +0 shortbow (weapon)
Armour
 c - a +1 leather armour (worn)
Jewellery
 d - a ring of protection from fire (right hand)
 g - a +5 ring of evasion (left hand)
 j - a ring of positive energy
Scrolls
 b - a scroll of identify
 n - a scroll of teleportation
 o - a scroll of vulnerability
 p - a scroll of noise
Potions
 e - a potion of curing
 h - a potion of degeneration
 i - a potion of brilliance
 k - 2 potions of might
 q - a potion of magic


   Skills:
 - Level 5.0 Fighting
 + Level 9.6 Ranged Weapons
 - Level 2.4 Dodging
 - Level 1.3 Stealth


You had 6 spell levels left.
You didn't know any spells.
Your spell library contained the following spells:

 Spells                   Type           Power      Damage    Failure   Level
 Apportation              Tloc           0%         N/A       45%         1
 Petrify                  Tmut/Erth      0%         N/A       99%         4
 Alistair's Intoxication  Tmut/Pois      0%         N/A       100%        5
 Metabolic Englaciation   Hex/Ice        0%         N/A       100%        5
 Statue Form              Tmut/Erth      0%         N/A       100%        6


Dungeon Overview and Level Annotations

Branches:
Dungeon (5/15)
 Temple: D:4-7

Altars:
Hepliaklqana
Yredelemnul

Shops:
D:2 ?   D:3 :**=

Annotations:
D:3 1 runed translucent door, Crazy Yiuf


Innate Abilities, Weirdness & Mutations

You are small and have problems with some larger weapons.
You are completely attuned to the shadows.


Message History

* * * LOW HITPOINT WARNING * * *
The centaur attacks as you move away!
The centaur unwields a +0 shortbow.
The centaur completely misses you. x2
* * * LOW HITPOINT WARNING * * *
You feel very sick.
You feel better. The ufetubus misses you. The ufetubus completely misses you.
An orc comes into view. It is wielding a +0 club.
The ufetubus misses you. The ufetubus barely misses you.
You shoot an arrow. The arrow barely misses the ufetubus.
The arrow closely misses the centaur.
The arrow hits the ice beast but does no damage.
A hound comes into view.
The ufetubus hits you.
* * * LOW HITPOINT WARNING * * *
The ufetubus hits you.
* * * LOW HITPOINT WARNING * * *
A bullfrog comes into view.
The ufetubus completely misses you. x2
The ufetubus attacks as you move away! The ufetubus completely misses you.
The ufetubus hits you.
* * * LOW HITPOINT WARNING * * *
An ogre comes into view. It is wielding a +0 giant club.
The ufetubus misses you. x2; The ogre moves out of view.
The ogre misses you.
The ufetubus hits you but does no damage.
The ufetubus closely misses you.
There is a stone staircase leading up here.
You feel much better. The ufetubus hits you. The ufetubus barely misses you.
The ogre misses you. The ufetubus closely misses you. The ufetubus misses you.
The ufetubus barely misses you.
The ufetubus hits you but does no damage.
You climb upwards.
There is a stone staircase leading down here.
Unknown command.
You shoot an arrow. The arrow hits the ogre!
The ogre is moderately wounded.
The ogre hits you with a +0 giant club!!
Ouch! That really hurt!
You die...

....#.#.#.#...###
....#.....#.....#
....###'###.....#
..........'.....#
....##...##.#####...# #. #+####
....##...##.##.##...####.##.#..#
..#............................#
..#............................#
#.# ...........5@..............#
.## ...........O...............#
## ##.....###..##'####..###..###
.## #...[.###..##..###..###..#..
#.# .<.....'...#.....#...#......
..# >......#...#.....#...+......
..# .......#...#.....#...#.)....
..# .....†.#...#.....#...##)####
..# ......##...##...##...##...<#


You could see an ogre and an ufetubus.

Vanquished Creatures
  Edmund (D:5)
  A scorpion (D:5)
  A hound (D:4)
  2 orc priests (D:3)
  Natasha (thrice) (D:2)
  An iguana (D:5)
  Robin (D:2)
  3 adders
  3 worms
  A dart slug (D:2)
  6 orcs
  11 ball pythons
  7 bats
  8 endoplasms
  3 giant cockroaches
  16 goblins
  8 hobgoblins
  A kobold (D:3)
  3 quokkas
  A frilled lizard (D:1)
  5 rats
86 creatures vanquished.

Notes
Turn   | Place    | Note
-------+----------+-------------------------------------------
     0 | D:1      | Newt the Kobold Hunter began the quest for the Orb.
     0 | D:1      | Reached XP level 1. HP: 12/12 MP: 1/1
   103 | D:1      | Reached XP level 2. HP: 16/18 MP: 2/2
   480 | D:1      | Reached XP level 3. HP: 23/23 MP: 3/3
   534 | D:1      | Found a faded altar of an unknown god.
  1116 | D:2      | Noticed Natasha
  1139 | D:2      | Killed Natasha
  1140 | D:2      | Reached XP level 4. HP: 24/30 MP: 4/4
  1169 | D:2      | Noticed Natasha
  1173 | D:2      | Killed Natasha
  1174 | D:2      | Reached skill level 5 in Fighting
  1180 | D:2      | Reached XP level 5. HP: 35/35 MP: 5/5
  1186 | D:2      | Noticed Natasha
  1195 | D:2      | Killed Natasha
  1196 | D:2      | Reached skill level 6 in Ranged Weapons
  1424 | D:2      | Noticed Robin
  1430 | D:2      | Killed Robin
  1493 | D:2      | Found Hekes's Magic Scroll Boutique.
  1496 | D:2      | Bought a scroll of identify for 26 gold pieces
  1496 | D:2      | Bought a scroll of identify for 26 gold pieces
  1496 | D:2      | Bought a scroll of identify for 26 gold pieces
  1545 | D:2      | Found a basalt altar of Yredelemnul.
  1936 | D:3      | Reached skill level 7 in Ranged Weapons
  1936 | D:3      | Reached XP level 6. HP: 32/40 MP: 6/6
  2111 | D:3      | Found Gudizodi's Jewellery Emporium.
  2475 | D:3      | Found Cuulum's Assorted Antiques.
  2484 | D:3      | Bought 2 scrolls labelled VIDGHU IKAWYTT for 48 gold pieces
  2679 | D:3      | Found Xupanab's Assorted Antiques.
  2748 | D:3      | Found Itiafe's Book Shoppe.
  3155 | D:3      | Found a runed translucent door.
  3158 | D:3      | Noticed Crazy Yiuf
  3361 | D:4      | Reached skill level 8 in Ranged Weapons
  3535 | D:4      | Found a hazy altar of Hepliaklqana.
  3567 | D:4      | Became a worshipper of Hepliaklqana the Forgotten
  3652 | D:4      | You fall into a shaft and drop 1 floor!
  3652 | D:5      | Entered Level 5 of the Dungeon
  3658 | D:5      | Noticed Edmund
  3683 | D:5      | Killed Edmund
  3684 | D:5      | Reached skill level 9 in Ranged Weapons
  3684 | D:5      | Reached XP level 7. HP: 26/44 MP: 7/7
  3910 | D:5      | Noticed a water moccasin
  3937 | D:4      | Slain by an ogre

Illustrated notes

Levels and vault maps discovered:
D:1:      amcnicky_arrival_wind_blow, layout_rooms,
          chequers_ecumenical_altar_island
D:2:      layout_basic, basic_altar, serial_shops, nicolae_shop_behind_doors,
          dk_noncrumbling_2, uniq_natasha, uniq_robin
D:3:      layout_loops_corners, nicolae_overflow_hidden_temple, serial_shops,
          shop, shop, nicolae_shop_overgrown_old_shop, nicolae_square_shop,
          chequers_serial_rivers_micro_a, guppyfry_early_lair_pool,
          uniq_crazy_yiuf_cottage
D:4:      layout_gridville, kennysheep_little_box, minmay_temple_entry_mist,
          hangedman_decor_diamond_cutter, saegor_snake_ambush
D:5:      minmay_opposing_rooms, layout_basic, serial_rivers,
          chequers_serial_rivers_small_3, chequers_serial_rivers_small_a,
          chequers_serial_rivers_room_b, chequers_serial_rivers_large_b,
          uniq_edmund, uniq_prince_ribbit1

Skill      XL: |  1  2  3  4  5  6 |
---------------+-------------------+-----
Fighting       | 3 4 5 |  5.0
Ranged Weapons | 7 9 |  9.6
Dodging        | |  2.4
Stealth        | |  1.3

Action                     |  1- 3 |  4- 6 |  7- 9 || total
---------------------------+-------+-------+-------++-------
   Fire: Shortbow          |    94 |   157 |    37 ||   288
    Use: Scroll            |     5 |     8 |     2 ||    15
         Potion            |     3 |     1 |     2 ||     6
 Armour: Leather armour    |    22 |    11 |     9 ||    42
  Dodge: Dodged            |    60 |    57 |    68 ||   185

Table legend: (Time is in decaauts)
 A = Elapsed time spent in this place.
 B = Non-inter-level travel time spent in this place.
 C = Inter-level travel time spent in this place.
 D = Time resting spent in this place.
 E = Time spent auto-exploring this place.
 F = Levels seen in this place.
 G = Mean time per level.
                   A        B        C        D        E       F      G
               +--------+--------+--------+--------+--------+-----+--------+
         Total |   4008 |   3856 |    152 |    422 |   2895 |   5 |  801.6 |
       Dungeon |   4008 |   3856 |    152 |    422 |   2895 |   5 |  801.6 |
               +--------+--------+--------+--------+--------+-----+--------+

Top non-repeatable levels by time:
     D:3: 1465 daAuts
     D:2: 1080 daAuts
     D:1: 863 daAuts
     D:4: 307 daAuts
     D:5: 292 daAuts
